 Dungeon Crawl Stone Soup version 0.29-a0-993-g4a18f31a58 (webtiles) character file.

Game seed: 10691707827950159464

77 ytrimaz the Poker (level 4, -1/35 HPs)
             Began as a Formicid Fighter on Aug 3, 2022.
             Slain by a goblin
             ... wielding a +0 club
             ... led by Robin
              (4 damage)
             ... on level 2 of the Dungeon.
             The game lasted 00:01:49 (843 turns).

ytrimaz the Poker (Formicid Fighter)                 Turns: 843, Time: 00:01:49

Health: -1/35      AC:  6    Str: 21 (23) XL:     4   Next: 58%
Magic:  4/4        EV:  9    Int:  5 (7)  God:
Gold:   56         SH:  5    Dex: 12 (13) Spells: 3/3 levels left

rFire   . . .      SeeInvis +   a - +0 trident
rCold   + . .      Faith    .   c - +0 buckler
rNeg    . . .      Spirit   .   b - +0 scale mail
rPois   .          Reflect  .   (helmet unavailable)
rElec   .          Harm     .   (no cloak)
rCorr   .          Rampage  .   (no gloves)
Will    .....                   (no boots)
Stlth   ..........              g - amulet of the acrobat
HPRegen 0.11/turn               i - ring of protection from cold
MPRegen 0.09/turn               (no ring)

@: mighty
A: permanent stasis, dig shafts and tunnels, antennae 3, four strong arms
a: Dig, Shaft Self


You were on level 2 of the Dungeon.
You visited 1 branch of the dungeon, and saw 2 of its levels.

You collected 56 gold pieces.

Inventory:

Hand Weapons
 a - a +0 trident (weapon)
Missiles
 f - 4 boomerangs
Armour
 b - a +0 scale mail (worn)
 c - a +0 buckler (worn)
Jewellery
 g - an amulet of the acrobat (around neck)
 i - a ring of protection from cold (left hand)
Scrolls
 e - a scroll of poison {unknown}
 h - a scroll of acquirement


   Skills:
 - Level 3.2 Fighting
 + Level 4.4 Polearms
 - Level 3.2 Armour
 - Level 4.0 Shields


You had 3 spell levels left.
You didn't know any spells.
Your spell library contained the following spells:

 Spells                   Type           Power      Damage    Failure   Level
 Ensorcelled Hibernation  Hex/Ice        0%         N/A       95%         2
 Passwall                 Tmut/Erth      0%         N/A       95%         2
 Alistair's Intoxication  Tmut/Pois      0%         N/A       100%        5
 Borgnjor's Vile Clutch   Necr/Erth      0%         N/A       100%        5
 Eringya's Noxious Bog    Tmut/Pois      0%         N/A       100%        6
 Swiftness                Air            Unusable   N/A       N/A         3

Dungeon Overview and Level Annotations

Branches:
Dungeon (2/15)

Altars:


Innate Abilities, Weirdness & Mutations

You cannot be hasted, slowed, berserked, paralysed or teleported.
You can dig through walls and to a lower floor.
You have a pair of large antennae on your head. (SInv)
Your four strong arms can wield two-handed weapons with a shield.


Message History

* * * LOW HITPOINT WARNING * * *
You puncture the hobgoblin!
You kill the hobgoblin!
Unknown command.
You puncture the goblin!
You kill the goblin!
Unknown command.
You puncture the goblin!
You kill the goblin!
Non-targeted abil: Dig
Press: ? - help, Q - select action, (/) - cycle Dir - look around, f - activate
Okay, then.
Reach: a) +0 trident
Press: ? - help, Dir - move target, f - hobgoblin
Aim: a hobgoblin (about 41% to evade your +0 trident)
You reach to attack!
You closely miss the hobgoblin.
Unknown command.
Reach: a) +0 trident
Press: ? - help, Dir - move target, f/p - hobgoblin
Aim: a hobgoblin (about 41% to evade your +0 trident)
You closely miss the hobgoblin. The hobgoblin barely misses you.
Unknown command.
Unknown command.
You puncture the hobgoblin!
You kill the hobgoblin!
Unknown command.
You barely miss the goblin. The goblin hits you with a +0 club.
* * * LOW HITPOINT WARNING * * *
You block the goblin's attack.
You closely miss the goblin. The goblin misses you.
Unknown command.
The goblin attacks as you move away! The goblin misses you.
You see here a bubbling black potion.
d - a bubbling black potion The goblin barely misses you.
It was a potion of degeneration.
There was something very wrong with that liquid.
You feel weakened.
You feel dopey.
You feel clumsy. The goblin hits you with a +0 club.
You die...

##### #...# #...#
##<..###################
........)....ggg@.......
##...###################
#.).# ##.g.### .......##
.....#..# . { .....##.#
... ##...){{###..#
#.#..g{.....##


You could see a hobgoblin and 2 goblins.

Vanquished Creatures
  Robin (D:2)
  A gnoll (D:1)
  A dart slug (D:1)
  A ball python (D:1)
  An endoplasm (D:2)
  4 giant cockroaches
  6 hobgoblins
  4 jackals (D:1)
  A quokka (D:1)
  5 bats (D:1)
  13 goblins
  5 kobolds
  4 rats (D:1)
47 creatures vanquished.

Notes
Turn   | Place    | Note
-------+----------+-------------------------------------------
     0 | D:1      | ytrimaz the Formicid Fighter began the quest for the Orb.
     0 | D:1      | Reached XP level 1. HP: 18/18 MP: 1/1
    72 | D:1      | Reached XP level 2. HP: 24/24 MP: 2/2
   188 | D:1      | Reached XP level 3. HP: 16/29 MP: 3/3
   413 | D:1      | Identified a scroll of acquirement
   576 | D:1      | Reached XP level 4. HP: 35/35 MP: 4/4
   795 | D:2      | Noticed Robin
   802 | D:2      | Killed Robin
   843 | D:2      | Slain by a goblin

Illustrated notes

Levels and vault maps discovered:
D:1:      matt_arrival_debris, layout_basic, minmay_unequal
D:2:      layout_rooms, ebering_ecumenical_altar_rust, uniq_robin, uniq_terence

Skill      XL: |  1  2  3 |
---------------+----------+-----
Polearms       | 3 4 |  4.4
Fighting       | |  3.2
Armour         | |  3.2
Shields        | |  4.0

Action                   |  1- 3 |  4- 6 || total
-------------------------+-------+-------++-------
Melee: Trident           |    88 |    32 ||   120
  Use: Scroll            |     2 |       ||     2
       Potion            |       |     2 ||     2
Armor: Scale mail        |    51 |     6 ||    57
Dodge: Dodged            |    50 |    22 ||    72
Block: Buckler           |    26 |     9 ||    35

Table legend: (Time is in decaauts)
 A = Elapsed time spent in this place.
 B = Non-inter-level travel time spent in this place.
 C = Inter-level travel time spent in this place.
 D = Time resting spent in this place.
 E = Time spent auto-exploring this place.
 F = Levels seen in this place.
 G = Mean time per level.
                   A        B        C        D        E       F      G
               +--------+--------+--------+--------+--------+-----+--------+
         Total |    861 |    845 |     16 |      0 |    528 |   2 |  430.5 |
       Dungeon |    861 |    845 |     16 |      0 |    528 |   2 |  430.5 |
               +--------+--------+--------+--------+--------+-----+--------+

Top non-repeatable levels by time:
     D:1: 791 daAuts
     D:2: 69 daAuts
